 Dungeon Crawl Stone Soup version 0.28-a0-706-gf6f64a616a (webtiles) character file.

Game seed: 7723613313204229422

32 cheechan the Skirmisher (level 3, -3/34 HPs)
             Began as a Naga Chaos Knight on Oct 24, 2021.
             Was a Plaything of Xom.
             Slain by a gnoll (9 damage)
             ... on level 2 of the Dungeon.
             The game lasted 00:02:58 (1285 turns).

cheechan the Skirmisher (Naga Chaos Knight)         Turns: 1285, Time: 00:02:58

Health: -3/34      AC:  4    Str: 15    XL:     3   Next: 27%
Magic:  3/3        EV:  9    Int: 12    God:    Xom [..*...]
Gold:   37         SH:  0    Dex: 10    Spells: 2/2 levels left

rFire   . . .      SeeInvis +   a - +0 hand axe (chaos)
rCold   . . .      Faith    .   (no shield)
rNeg    . . .      Spirit   .   b - +2 leather armour
rPois   +          Reflect  .   (no helmet)
rElec   .          Harm     .   (no cloak)
rCorr   .          Rampage  .   (no gloves)
Will    .....                   (no barding)
Stlth   +.........              (no amulet)
HPRegen 0.11/turn               c - ring of flight
MPRegen 0.08/turn               (no ring)

@: flying, very slow
A: AC +1, large, see invisible, deformed body, poison resistance, slowness 2,
spit poison 1, naga tail 1
a: Spit Poison, Renounce Religion


You were on level 2 of the Dungeon.
You worshipped Xom.
You were a toy of Xom.
You visited 1 branch of the dungeon, and saw 2 of its levels.

You collected 37 gold pieces.

Inventory:

Hand Weapons
 a - a +0 hand axe of chaos (weapon)
 g - a +0 hand axe
Armour
 b - a +2 leather armour (worn)
Jewellery
 c - a ring of flight (left hand)


   Skills:
 + Level 3.4 Fighting
 + Level 3.3 Axes
 + Level 2.0 Armour
 + Level 1.1 Dodging
 + Level 0.6 Stealth


You had 2 spell levels left.
You didn't know any spells.
Your spell library was empty.

Dungeon Overview and Level Annotations

Branches:
Dungeon (2/15)

Altars:


Innate Abilities, Weirdness & Mutations

Your serpentine skin is tough. (AC +1)
You have supernaturally acute eyesight. (SInv)
Armour fits poorly on your strangely shaped body.
Your system is resistant to poisons. (rPois)
You cover ground very slowly.
You can spit poison.
You have a snake-like lower body.


Message History

Found a ring mail.
You see here a +0 ring mail.
A ball python comes into view.
The ball python hisses angrily.
You slash the ball python!
You kill the ball python! 2 gnolls come into view.
You see here a ball python corpse.
A gnoll comes into view. It is wielding a +0 flail.
The gnoll shouts! x2
A gnoll comes into view. It is wielding a +0 halberd.
Abil: Spit Poison
Press: ? - help, Q - select action Shift-Dir - straight line, f - gnoll
Aim: a gnoll, wielding a +0 halberd The splash of poison hits the gnoll but does no damage.
The gnoll is poisoned. "Serve the mortal, my child!"
The gnoll hits you with a +0 halberd! The gnoll barely misses you.
The gnoll closely misses you.
You barely miss the gnoll.
The gnoll is lightly wounded.
You have got your breath back.
The gnoll hits you with a +0 halberd!
* * * LOW HITPOINT WARNING * * *
You swap places.
Your quasit bites the gnoll.
Your quasit claws the gnoll.
Your quasit claws the gnoll but does no damage.
The gnoll hits your quasit with a +0 halberd.
Your quasit bites the gnoll.
Your quasit claws the gnoll.
Your quasit barely misses the gnoll.
The gnoll hits your quasit with a +0 halberd!
Your quasit bites the gnoll.
The gnoll dies!
Your Armour skill increases to level 2!
You have reached level 3!
Your experience leads to an increase in your attributes!
Increase (S)trength, (I)ntelligence, or (D)exterity?
You feel stronger.
Your skin feels tougher.
The gnoll hits you from afar with a +0 halberd!
You die...
Xom snickers!

#.# #.# #.#
#.# #.# #.#
## #.#
#...####@#
#.ggg5.#
#..#...###†##
#..## #.#
#..# #.# #..#
#.# #####..#
#.#
#...#..#####
#.#
##..........#
#.#


You could see 3 gnolls and a friendly quasit (summoned).

Vanquished Creatures
  4 endoplasms
  A goblin (D:1)
  2 hobgoblins
  2 kobolds (D:1)
  2 quokkas (D:1)
  2 ball pythons
  A bat (D:1)
  A frilled lizard (D:1)
  5 rats
20 creatures vanquished.

Vanquished Creatures (collateral kills)
  A gnoll (D:2)
1 creature vanquished.

Grand Total: 21 creatures vanquished

Notes
Turn   | Place    | Note
-------+----------+-------------------------------------------
     0 | D:1      | cheechan the Naga Chaos Knight began the quest for the Orb.
     0 | D:1      | Reached XP level 1. HP: 21/21 MP: 1/1
   566 | D:1      | Reached skill level 1 in Dodging
   566 | D:1      | Reached XP level 2. HP: 12/28 MP: 2/2
   574 | D:1      | XOM: divination: detect creatures
  1280 | D:2      | XOM: summons friendly quasit
  1285 | D:2      | Reached XP level 3. HP: 6/34 MP: 3/3
  1285 | D:2      | Slain by a gnoll

Illustrated notes

Levels and vault maps discovered:
D:1:      shiori_angband_town, layout_basic,
          shapermc_ecumenical_altar_flowoftime
D:2:      minmay_recursive_quarters, layout_loops_ring

Skill      XL: |  1  2 |
---------------+-------+-----
Dodging        | 1 |  1.1
Armour         | 2 |  2.0
Fighting       | |  3.4
Axes           | |  3.3
Stealth        | |  0.6

Action                   || total
-------------------------++-------
Melee: Hand axe          ||    52
 Abil: Spit Poison       ||     1
  Use: Scroll            ||     3
Armor: Leather armour    ||    31
Dodge: Dodged            ||    41

Table legend: (Time is in decaauts)
 A = Elapsed time spent in this place.
 B = Non-inter-level travel time spent in this place.
 C = Inter-level travel time spent in this place.
 D = Time resting spent in this place.
 E = Time spent auto-exploring this place.
 F = Levels seen in this place.
 G = Mean time per level.
                   A        B        C        D        E       F      G
               +--------+--------+--------+--------+--------+-----+--------+
         Total |   1627 |   1627 |      0 |    363 |      0 |   2 |  813.5 |
       Dungeon |   1627 |   1627 |      0 |    363 |      0 |   2 |  813.5 |
               +--------+--------+--------+--------+--------+-----+--------+

Top non-repeatable levels by time:
     D:1: 1435 daAuts
     D:2: 191 daAuts
